 Dungeon Crawl Stone Soup version 0.20.1-1-g8b1a95d (webtiles) character file.

116 Gerstahl the Slasher (level 5, -7/49 HPs)
             Began as a Naga Skald on Nov 28, 2017.
             Mangled by a gnoll
             ... wielding a +0 halberd
              (10 damage)
             ... on level 3 of the Dungeon.
             The game lasted 00:06:28 (2237 turns).

Gerstahl the Slasher (Naga Skald)                   Turns: 2237, Time: 00:06:29

Health: -7/49      AC:  5    Str: 15    XL:     5   Next: 0%
Magic:  3/8        EV:  9    Int: 13    God:
Gold:   136        SH:  0    Dex: 10    Spells: 7/8 levels left

rFire    . . .     SeeInvis +   a - +0 falchion
rCold    . . .     Gourm    .   (no shield)
rNeg     . . .     Faith    .   b - +0 leather armour
rPois    +         Spirit   .   l - +0 helmet
rElec    .         Reflect  .   (no cloak)
rCorr    .         Harm     .   q - +0 pair of gloves
MR       .....                  (no barding)
Stlth    +.........             (no amulet)
Regen    0.2/turn               (no ring)
MPRegen  0.2/turn               (no ring)

@: very slow
A: see invisible, deformed body, poison resistance, slowness 2, slow metabolism
1, spit poison 1, AC +1
a: Spit Poison


You were on level 3 of the Dungeon.
You were not hungry.

You visited 1 branch of the dungeon, and saw 3 of its levels.

You collected 136 gold pieces.

Inventory:

Hand Weapons
 a - a +0 falchion (weapon)
Armour
 b - a +0 leather armour (worn)
 l - a +0 helmet (worn)
 q - a +0 pair of gloves (worn)
Scrolls
 e - 2 scrolls of teleportation {unknown}
 f - a scroll of identify {unknown}
 h - 2 scrolls of fog {unknown}
 p - a scroll of random uselessness {unknown}
Potions
 i - 3 potions of curing {unknown}
 j - a potion of heal wounds {unknown}
 m - a potion of cancellation {unknown}
 n - a potion of haste {unknown}
 r - a potion of ambrosia {unknown}
 s - a potion of agility {unknown}
Books
 c - a book of Battle

   Spells                             Type                      Level
   a - Infusion                       Charms                       1
   b - Shroud of Golubria             Charms/Translocation         2
   c - Song of Slaying                Charms                       2
   d - Spectral Weapon                Hexes/Charms                 3
   e - Regeneration                   Charms/Necromancy            3
Comestibles
 d - 2 bread rations
 g - 2 royal jellies
 k - 3 fruits
 o - 2 chunks of flesh


   Skills:
 + Level 3.5 Fighting
 + Level 3.8 Long Blades
 - Level 0.7 Armour
 - Level 1.5 Dodging
 - Level 0.9 Stealth
 - Level 2.0 Spellcasting
 - Level 3.0 Charms


You had 7 spell levels left.
You knew the following spells:

 Your Spells              Type           Power        Failure   Level  Hunger
a - Infusion              Chrm           #...         9%          1    ##.....


Dungeon Overview and Level Annotations

Branches:
Dungeon (3/15)

Altars:


Innate Abilities, Weirdness & Mutations

You cannot wear boots.
Your serpentine skin is tough. (AC +1)
You have supernaturally acute eyesight. (SInv)
Armour fits poorly on your strangely shaped body.
Your system is resistant to poisons. (rPois)
You cover ground very slowly.
You have a slow metabolism.
You can spit poison.


Message History

The gnoll hits you from afar with a halberd!
Press: ? - help, Shift-Dir - straight line, f - gnoll
Aim: a gnoll, wielding a halberd The splash of poison hits the gnoll.
The gnoll is poisoned.
The gnoll is lightly wounded.
You feel slightly more hungry. 2 gnolls come into view.
The gnoll hits you but does no damage. The gnoll hits you with a halberd.
* * * LOW HITPOINT WARNING * * *
You hit the gnoll.
The gnoll is heavily wounded.
The gnoll shouts!
The gnoll hits you with a halberd.
* * * LOW HITPOINT WARNING * * *
The gnoll hits you from afar with a halberd.
* * * LOW HITPOINT WARNING * * *
You have got your breath back.
You are no longer magically infusing your attacks.
The gnoll hits you from afar with a halberd!
You die...

...<# .g.. ... #########
##g. ##..##...# #..
#..###...# ##.# #..###...#
#########).# #..##)..## .#
#......#.g######^÷...#.#
...##......#.#g.@......###.#
...................#.## #.#
.##......#...######.# #.#
#......#..## #.# #.#
#........## #.# #.#
##.###..#########.####.#
..............##...†.##.#
####....#####.##.....##.#
#...## ###.#......##.####


You could see 2 gnolls.

Vanquished Creatures
  4 adders
  A gnoll (D:3)
  An ooze (D:2)
  A dart slug (D:1)
  3 leopard geckos (D:2)
  8 bats
  A giant cockroach (D:1)
  8 goblins
  9 hobgoblins
  3 jackals (D:1)
  9 kobolds
  A quokka (D:3)
  5 frilled lizards
  6 rats
60 creatures vanquished.

Notes
Turn   | Place    | Note
-------+----------+-------------------------------------------
     0 | D:1      | Gerstahl the Naga Skald began the quest for the Orb.
     0 | D:1      | Reached XP level 1. HP: 19/19 MP: 3/3
   224 | D:1      | Reached XP level 2. HP: 27/27 MP: 5/5
   775 | D:1      | Reached XP level 3. HP: 27/33 MP: 6/6
   860 | D:2      | Found a faded altar of an unknown god.
  1373 | D:2      | Reached XP level 4. HP: 35/42 MP: 7/7
  2230 | D:3      | Reached XP level 5. HP: 24/49 MP: 3/8
  2234 | D:3      | HP: 2/49 [gnoll/halberd (4)]
  2237 | D:3      | Mangled by a gnoll

Skill      XL: |  1  2  3 |
---------------+----------+-----
Long Blades    | 3 |  3.8
Fighting       | 3 |  3.5
Armour         | |  0.7
Dodging        | |  1.5
Stealth        | |  0.9
Spellcasting   | |  2.0
Charms         | |  3.0

Action                   |  1- 3 |  4- 6 || total
-------------------------+-------+-------++-------
Melee: Falchion          |    78 |    59 ||   137
 Cast: Infusion          |     4 |     3 ||     7
 Abil: Spit Poison       |    26 |    14 ||    40
  Eat: Chunk             |     2 |     3 ||     5
Armor: Leather armour    |    22 |    21 ||    43
Dodge: Dodged            |    46 |    38 ||    84
       Rpst.: Falchion   |    14 |    10 ||    24
